 Dungeon Crawl Stone Soup version 0.25.0-46-gbd7b0854d2 (webtiles) character file.

Game seed: 18362122347961220401

338 Ethylacetat the Poker (level 6, -8/57 HPs)
             Began as a Naga Gladiator on July 14, 2020.
             Mangled by a mummy (15 damage)
             ... in an ossuary.
             The game lasted 00:08:30 (3734 turns).

Ethylacetat the Poker (Naga Gladiator)              Turns: 3734, Time: 00:08:30

Health: -8/57      AC:  4    Str: 19    XL:     6   Next: 55%
Magic:  6/6        EV: 10    Int:  8    God:
Gold:   139        SH:  4    Dex: 12    Spells: 5/5 levels left

rFire    . . .     SeeInvis +   a - +0 trident
rCold    . . .     Gourm    .   n - +0 buckler
rNeg     . . .     Faith    .   b - +0 leather armour
rPois    +         Spirit   .   c - +0 helmet
rElec    .         Reflect  .   (no cloak)
rCorr    +         Harm     .   (no gloves)
MR       .....                  (no barding)
Stlth    ..........             (no amulet)
HPRegen  0.19/turn              o - ring of resist corrosion
MPRegen  0.10/turn              e - ring of attention (curse)

@: very slow
A: large, see invisible, deformed body, poison resistance, slowness 2, slow
metabolism 1, spit poison 1, AC +2
a: Spit Poison


You were in an ossuary.
You were very hungry.

You visited 1 branch of the dungeon, and saw 4 of its levels.
You also visited: Ossuary.

You collected 139 gold pieces.

Inventory:

Hand Weapons
 a - a +0 trident (weapon)
 y - a +0 spear of venom
Missiles
 d - 3 throwing nets (quivered)
Armour
 b - a +0 leather armour (worn)
 c - a +0 helmet (worn)
 n - a +0 buckler (worn)
Jewellery
 e - a cursed ring of attention (right hand)
 j - an uncursed ring of wizardry
 o - a ring of resist corrosion (left hand)
 t - an uncursed ring of wizardry
Wands
 A - a wand of acid (11)
Scrolls
 g - a scroll of identify {unknown}
 i - 2 scrolls of remove curse {unknown}
 l - a scroll of magic mapping {unknown}
 m - 2 scrolls of enchant weapon {unknown}
 p - a scroll of immolation {unknown}
 s - a scroll of amnesia {unknown}
 u - a scroll of fear {unknown}
 w - a scroll of blinking {unknown}
 x - a scroll of random uselessness {unknown}
Potions
 h - 2 potions of curing
 k - a potion of mutation {unknown}
 q - a potion of might {unknown}
 r - 2 potions of ambrosia
 v - a potion of stabbing {unknown}
 B - 2 potions of heal wounds
 C - a potion of degeneration {unknown}
 D - a potion of haste {unknown}
Comestibles
 f - 7 rations


   Skills:
 + Level 3.7 Fighting
 * Level 5.5 Polearms
 - Level 1.7 Throwing
 - Level 2.4 Dodging
 + Level 2.1 Shields


You had 5 spell levels left.
You didn't know any spells.
Your spell library was empty.

Dungeon Overview and Level Annotations

Branches:
Dungeon (4/15)            Ossuary (1/1)
 Temple: D:4-7

Altars:
Dithmenos
Nemelex Xobeh


Innate Abilities, Weirdness & Mutations

You cannot wear boots.
Your serpentine skin is tough. (AC +2)
You have supernaturally acute eyesight. (SInv)
Armour fits poorly on your strangely shaped body.
Your system is resistant to poisons. (rPois)
You cover ground very slowly.
You have a slow metabolism.
You can spit poison.


Message History

You closely miss the goblin zombie.
The goblin zombie is almost destroyed.
You block the goblin zombie's attack.
You hit the goblin zombie.
You destroy the goblin zombie!
A mummy comes into view.
The mummy hits you.
Found 22 gold pieces and 24 stones.
You hit the mummy.
The mummy is lightly damaged.
You barely miss the mummy.
The mummy is lightly damaged.
The mummy hits you!
* * * LOW HITPOINT WARNING * * *
You hit the mummy.
The mummy is moderately damaged.
You hit the mummy but do no damage.
The mummy is moderately damaged.
The mummy hits you!
You die...

..........∩.......
.....................
.................... .
.................... ..
##...............# ...
.##...............##....
........................
........................
........#####...@M....+
......................#$
..........∩...........#(
########################


You could see a mummy.

Vanquished Creatures
  The ghost of Quickbrownfox the Stinger, an amateur GrVM (D:3)
  A human zombie (Ossuary)
  An orc priest (D:3)
  3 big kobold zombies (Ossuary)
  A mummy (Ossuary)
  4 adders
  An adder zombie (Ossuary)
  3 worms
  3 dart slugs (D:1)
  A leopard gecko (D:1)
  2 orcs (D:3)
  3 ball pythons
  8 bats
  4 giant cockroaches
  9 goblins
  7 hobgoblins
  4 jackals (D:1)
  14 kobolds
  4 quokkas (D:3)
  A frilled lizard (D:2)
  2 goblin zombies (Ossuary)
  2 hobgoblin zombies (Ossuary)
  An orc zombie (Ossuary)
  12 rats
  2 rat zombies (Ossuary)
94 creatures vanquished.

Notes
Turn   | Place    | Note
-------+----------+-------------------------------------------
     0 | D:1      | Ethylacetat the Naga Gladiator began the quest for the Orb.
     0 | D:1      | Reached XP level 1. HP: 19/19 MP: 1/1
    71 | D:1      | Reached XP level 2. HP: 26/26 MP: 2/2
   411 | D:1      | Reached XP level 3. HP: 29/33 MP: 3/3
  1420 | D:2      | Reached skill level 4 in Polearms
  1486 | D:2      | Found a shadowy altar of Dithmenos.
  1619 | D:2      | Found a sparkling altar of Nemelex Xobeh.
  1775 | D:2      | Reached XP level 4. HP: 31/40 MP: 4/4
  2102 | D:2      | Reached skill level 1 in Shields
  2617 | D:3      | Reached XP level 5. HP: 26/49 MP: 5/5
  2773 | D:3      | Noticed Quickbrownfox's ghost (amateur GrVM)
  2974 | D:3      | Found a runed translucent door.
  3535 | D:3      | Killed Quickbrownfox's ghost
  3535 | D:3      | Reached skill level 5 in Polearms
  3535 | D:3      | Reached XP level 6. HP: 34/56 MP: 6/6
  3565 | D:4      | Found a sand-covered staircase.
  3573 | Ossuary  | Entered an ossuary
  3734 | Ossuary  | Mangled by a mummy

Illustrated notes

Levels and vault maps discovered:
D:1:      scummos_arrival_forest, layout_loops_ring,
          chequers_serial_rivers_micro_a
D:2:      layout_basic, lemuel_coloured_pillars_altar,
          overflow_temple_1_default, glass_columns_a
D:3:      layout_loops_ring, hellmonk_ghost_happy_afterlife,
          portal_sewer_entry_e, small_statue_intersection
D:4:      layout_cave_pools, gammafunk_temple_overflow_arena, enter_ossuary_1
Ossuary:  ossuary_minmay_tomb_2a

Skill      XL: |  1  2  3  4  5  6 |
---------------+-------------------+-----
Polearms       | 4 5 |  5.5
Shields        | 1 2 |  2.1
Fighting       | 3 |  3.7
Throwing       | |  1.7
Dodging        | |  2.4

Action                   |  1- 3 |  4- 6 || total
-------------------------+-------+-------++-------
Melee: Trident           |   119 |   103 ||   222
       Spear             |    13 |   132 ||   145
 Abil: Spit Poison       |     2 |     9 ||    11
  Use: Potion            |       |     3 ||     3
  Eat: Chunk             |     2 |     5 ||     7
Armor: Leather armour    |    28 |    77 ||   105
Dodge: Dodged            |    43 |   110 ||   153
Block: Buckler           |    14 |    30 ||    44
